 Dungeon Crawl Stone Soup version 0.18.1-8-gdd0e5ea (webtiles) character file.

42 juanjsm the Sneak (level 3, -7/17 HPs)
             Began as a Spriggan Enchanter on June 1, 2016.
             Killed from afar by Sigmund (10 damage)
             ... with a puff of flame
             ... on level 2 of the Dungeon.
             The game lasted 00:04:47 (1204 turns).

juanjsm the Sneak (Spriggan Enchanter)              Turns: 1204, Time: 00:04:47

Health: -7/17      AC:  3    Str:  4    XL:     3   Next: 35%
Magic:  4/8        EV: 19    Int: 17    God:
Gold:   96         SH:  0    Dex: 16    Spells: 2 memorised, 5 levels left

rFire  . . .     SeeInvis +     a - +1 dagger
rCold  . . .     Gourm    .     b - +1 robe
rNeg   . . .     Faith    .     (shield restricted)
rPois  .         Spirit   .     (helmet restricted)
rElec  .         Dismiss  .     (no cloak)
rCorr  .         Reflect  .     (gloves unavailable)
SustAt .         Harm     .     (boots unavailable)
MR     .....                    (no amulet)
Stlth  +++.......               (no ring)
                                (no ring)

@: very quick, not resistant to hostile enchantments, fairly stealthy
A: unfitting armour, see invisible, herbivore 3, speed 3, slow metabolism 2
a: no special abilities


You were on level 2 of the Dungeon.
You were not hungry.

You visited 1 branch of the dungeon, and saw 3 of its levels.

You collected 96 gold pieces.

Inventory:

Hand Weapons
 a - a +1 dagger (weapon)
 h - a +2 dagger of draining
Armour
 b - a +1 robe (worn)
Scrolls
 e - a scroll of recharging {unknown}
 f - a scroll of fear {unknown}
 g - 2 scrolls of remove curse {unknown}
 i - a scroll of teleportation {unknown}
 k - a scroll of identify {unknown}
 m - a scroll of enchant weapon {unknown}
Potions
 j - a potion of resistance {unknown}
 l - a potion of flight {unknown}
Books
 c - a book of Maledictions

   Spells                             Type                      Level
   a - Corona                         Hexes                        1
   b - Ensorcelled Hibernation        Hexes/Ice                    2
   c - Confuse                        Hexes                        3
   d - Tukima's Dance                 Hexes                        3
   e - Dazzling Spray                 Conjuration/Hexes            3
Comestibles
 d - 4 bread rations


   Skills:
 + Level 0.4 Fighting
 + Level 1.2 Short Blades
 + Level 3.6 Dodging
 + Level 5.3 Stealth
 + Level 3.3 Spellcasting
 + Level 3.9 Hexes


You had 5 spell levels left.
You knew the following spells:

 Your Spells              Type           Power        Failure   Level  Hunger
a - Corona                Hex            ###....      3%          1    None
b - Ensorcelled Hibernat  Hex/Ice        #.....       14%         2    ##.....


Dungeon Overview and Level Annotations

Branches:
Dungeon (3/15)

Altars:

Annotations:
D:2 Sigmund


Innate Abilities, Weirdness & Mutations

You are tiny and cannot use many weapons and most armour.
You have supernaturally acute eyesight.
You are a herbivore.
You cover ground extremely quickly.
You need consume almost no food.


Message History

Sigmund closely misses you.
Sigmund points at you and mumbles some strange words.
You are confused.
You see here a short sword.
You bump into the rock wall.
You bump into the rock wall.
You bump into the rock wall.
Sigmund gestures wildly while chanting.
Sigmund flickers and vanishes for a moment.
You bump into the rock wall.
Sigmund misses you.
You bump into the rock wall.
You feel less confused. Sigmund barely misses you.
Sigmund casts a spell at you. The magic dart hits you!
* * * LOW HITPOINT WARNING * * *
Sigmund casts a spell at you. The puff of flame hits you!
Ouch! That really hurt!
You die...

.......#
######.########
######........#
..[....##..[#.#
.............<####
...†.............#
..............##.#
.......##....###.#
.......##....# #@#
.......###.#.# #.#
######## #.#.# #.#
#.#.# #.# #.#.# #)#
#.#.###.#
######.#.##@#.#
####.........#.###.#
............#.## #..


You could see Sigmund (invisible).

Vanquished Creatures
  An adder (D:2)
  A worm (D:2)
  A giant gecko (D:2)
  4 bats (D:1)
  A giant cockroach (D:1)
  3 hobgoblins (D:1)
  4 jackals (D:1)
  A quokka (D:2)
  2 giant newts
  5 goblins (D:1)
  2 kobolds (D:1)
  3 rats (D:1)
28 creatures vanquished.

Notes
Turn   | Place    | Note
--------------------------------------------------------------
     0 | D:1      | juanjsm the Spriggan Enchanter began the quest for the Orb.
     0 | D:1      | Reached XP level 1. HP: 9/9 MP: 5/5
   177 | D:1      | Reached XP level 2. HP: 9/13 MP: 1/6
   181 | D:1      | Learned a level 2 spell: Ensorcelled Hibernation
   235 | D:2      | Reached skill level 5 in Stealth
   934 | D:1      | Reached XP level 3. HP: 17/17 MP: 4/8
  1079 | D:2      | Noticed Sigmund
  1204 | D:2      | Killed from afar by Sigmund

Skill      XL: |  1  2 |
---------------+-------+-----
Stealth        | 5 |  5.3
Spellcasting   | 3 |  3.3
Fighting       | |  0.4
Short Blades   | |  1.2
Dodging        | |  3.6
Hexes          | |  3.9

Action                   || total
-------------------------++-------
Melee: Dagger            ||    90
 Cast: Corona            ||    10
       Ensorcelled Hiber ||    16
 Stab: Sleeping          ||    15
       Distracted        ||     1
Armor: Robe              ||     8
Dodge: Dodged            ||    95
